 Dungeon Crawl Stone Soup version 0.29.1-15-g9cfb28693d (webtiles) character file.

Game seed: 14830079142738136720

18112 Gaplan the Severer (level 12, -1/115 HPs)
             Began as a Minotaur Berserker on Apr 14, 2023.
             Was a High Priest of Trog.
             Slain by a two-headed ogre
             ... wielding a +0 dire flail
              (15 damage)
             ... on level 1 of the Orcish Mines.
             The game lasted 00:42:18 (13526 turns).

Gaplan the Severer (Minotaur Berserker)            Turns: 13526, Time: 00:42:39

Health: -1/115     AC: 17    Str: 30    XL:     12   Next: 24%
Magic:  11/11      EV: 11    Int:  8    God:    Trog [*****.]
Gold:   1371       SH:  0    Dex: 12    Spells: 11/11 levels left

rFire   + . .      SeeInvis +   B - +4 war axe of Kungifad {flame, rC+ rCorr Str+3 SInv}
rCold   + . .      Faith    .   (no shield)
rNeg    . . .      Spirit   .   z - +5 scale mail of Vueklad {Rampage rF+ Int+4 Dex+2}
rPois   .          Reflect  .   (helmet restricted)
rElec   .          Harm     .   F - +0 cloak
rCorr   +          Rampage  +   d - +1 pair of gloves
Will    .....                   M - +2 pair of boots {rampage}
Stlth   ..........              (no amulet)
HPRegen 0.29/turn               c - ring of flight
MPRegen 0.12/turn               (no ring)

@: on berserk cooldown, flying, slowed, very slow
A: horns 2, retaliatory headbutt
a: Renounce Religion, Berserk, Trog's Hand, Brothers in Arms


You were on level 1 of the Orcish Mines.
You worshipped Trog.
Trog was extremely pleased with you.
You visited 3 branches of the dungeon, and saw 12 of its levels.
You also visited: Ice Cave.

You collected 1672 gold pieces.
You spent 301 gold pieces at shops.

Inventory:

Hand Weapons
 a - a +0 hand axe
 r - a +3 hammer
 B - the +4 war axe of Kungifad (weapon) {flame, rC+ rCorr Str+3 SInv}
   (You found it on level 6 of the Dungeon)

   It burns those it strikes, dealing additional fire damage.
   Big, fiery blades are also staple armaments of hydra-hunters.
   Str:       It affects your strength (+3).
   rC:        It protects you from cold.
   SInv:      It lets you see invisible.
   rCorr:     It protects you from acid and corrosion.
 N - a +0 battleaxe
Missiles
 E - a throwing net (quivered)
Armour
 b - the +1 robe of Valiance {Will++ Str+3 Stlth+}
   (You found it on level 9 of the Dungeon)

   Str:       It affects your strength (+3).
   Will:      It greatly increases your willpower.
   Stlth:     It makes you more stealthy.
 d - a +1 pair of gloves (worn)
 z - the +5 scale mail of Vueklad (worn) {Rampage rF+ Int+4 Dex+2}
   (You found it on level 6 of the Dungeon)

   Int:       It affects your intelligence (+4).
   Dex:       It affects your dexterity (+2).
   rF:        It protects you from fire.
   Rampage:   It bestows one free step when moving towards enemies.
 F - a +0 cloak (worn)
 M - a +2 pair of boots of rampaging (worn)
Magical Staves
 p - a staff of fire
Jewellery
 c - a ring of flight (left hand)
 I - a ring of fire
Wands
 j - a wand of digging (12)
 t - a wand of roots (17)
 y - a wand of flame (17)
Scrolls
 f - a scroll of fear {unknown}
 g - 8 scrolls of identify
 h - a scroll of magic mapping {unknown}
 s - 2 scrolls of enchant weapon {unknown}
 u - a scroll of immolation {unknown}
 w - a scroll of noise {unknown}
 A - 3 scrolls of fog {unknown}
 G - a scroll of vulnerability {unknown}
 H - a scroll of poison {unknown}
 K - a scroll of teleportation {unknown}
Potions
 e - a potion of heal wounds
 i - 5 potions of curing
 k - a potion of attraction {unknown}
 l - 3 potions of brilliance
 m - 2 potions of haste
 n - 3 potions of lignification {unknown}
 o - a potion of magic {unknown}
 q - a potion of cancellation {unknown}
 v - 3 potions of degeneration
 x - 2 potions of flight {unknown}
 C - 4 potions of resistance {unknown}
 D - 2 potions of berserk rage {unknown}
 J - 2 potions of mutation {unknown}
 L - a potion of might {unknown}


   Skills:
 + Level 13.0 Fighting
 - Level 20.1 Axes
 - Level 2.4 Armour
 - Level 2.1 Dodging
 - Level 2.0 Stealth


You had 11 spell levels left.
You didn't know any spells.
Your spell library was empty.

Dungeon Overview and Level Annotations

Branches:
Dungeon (9/15)             Temple (1/1) D:6             Orc (2/2) D:9
    Elf (0/3) Orc:2         IceCv (visited)
   Lair: D:8-11

Altars:
Cheibriados
Dithmenos
Elyvilon
Fedhas
Gozag
Hepliaklqana
Kikubaaqudgha
Makhleb
Nemelex Xobeh
Okawaru
Qazlal
Ru
Sif Muna
Trog
Uskayaw
Vehumet
Wu Jian
Xom
Yredelemnul
Zin
The Shining One

Shops:
D:9 [(


Innate Abilities, Weirdness & Mutations

You have a pair of horns on your head.
You reflexively headbutt those who attack you in melee.


Message History

You barely miss the ogre.
The ogre hits you with a +0 giant spiked club!!
The two-headed ogre hits you with a +0 dire flail!
The two-headed ogre hits you with a +0 giant club!
* * * LOW HITPOINT WARNING * * *
You feel much better.
The two-headed ogre hits you with a +0 dire flail.
The two-headed ogre hits you but does no damage.
The ogre hits you with a +0 giant spiked club.
The two-headed ogre attacks as you move away!
The two-headed ogre hits you with a +0 dire flail!
The two-headed ogre hits you but does no damage.
Items here: )))))))))) [[ ††.
There is a stone staircase leading up, spattered with blood here.
The ogre hits you with a +0 giant spiked club.
The two-headed ogre hits you with a +0 dire flail.
The two-headed ogre hits you with a +0 giant club!!
* * * LOW HITPOINT WARNING * * *
You fly upwards.
There is a stone staircase leading down here.
You feel much better. The ogre closely misses you.
The two-headed ogre hits you but does no damage.
The two-headed ogre hits you with a +0 giant club!!
* * * LOW HITPOINT WARNING * * *
Okay, then.
You feel much better. The ogre closely misses you.
The two-headed ogre hits you with a +0 dire flail!!
* * * LOW HITPOINT WARNING * * *
The two-headed ogre barely misses you.
You feel much better. The ogre misses you.
The two-headed ogre hits you with a +0 dire flail!
The two-headed ogre closely misses you.
You slash the two-headed ogre! You burn the two-headed ogre.
Your headbutt misses the two-headed ogre.
The two-headed ogre is almost dead.
You hit the ogre. You burn the ogre.
The ogre hits you with a +0 giant spiked club!!
* * * LOW HITPOINT WARNING * * *
The two-headed ogre hits you with a +0 dire flail!
You die...

# ####################
########.##.##..O#..#.##..###
..#..##.........@O..........##
.....>.#.....................#
............##............#.##
............##.......).....##
...........##.............##
.>...#...#.###...#........#
........#...#...#.....##.##
.........#..##..#).....###
........)....).)))......###


You could see a two-headed ogre and an ogre.

Vanquished Creatures
  A hydra (D:7)
  2 ogre magi (Orc:2)
  5 two-headed ogres
  Erica (D:9)
  A cyclops (Orc:2)
  A komodo dragon (D:7)
  An unseen horror (D:7)
  The ghost of ciphuk the Ruffian, an amateur TrMo (D:6)
  3 trolls
  A hornet (D:9)
  A slime creature (D:7)
  2 wraiths
  5 wyverns
  9 yaks
  2 death yak simulacra (IceCv)
  2 steam dragons (D:7)
  Menkaure (D:4)
  An acid dragon (D:7)
  2 water moccasins (D:7)
  11 orc warriors
  2 black bears
  4 sky beasts (D:7)
  4 centaurs
  12 ogres
  3 kobold brigands
  2 phantoms
  A spectral wyvern (D:6)
  6 bullfrogs
  Blork the orc (D:6)
  3 necrophages
  5 scorpions
  2 cane toad simulacra (IceCv)
  10 wights
  An elephant simulacrum (IceCv)
  A howler monkey (D:7)
  A bullfrog zombie (D:6)
  A spectral bullfrog (D:6)
  5 jellies
  17 orc priests
  8 hounds
  Crazy Yiuf (D:3)
  A centaur skeleton (D:6)
  A gnoll bouda (D:7)
  3 iguanas
  11 orc wizards
  A spriggan simulacrum (IceCv)
  A wolf simulacrum (IceCv)
  11 gnolls
  11 adders
  A shadow imp (D:7)
  18 white imps
  2 ufetubi
  A worm (D:3)
  3 dart slugs
  56 orcs
  6 ball pythons
  6 bats
  5 endoplasms
  2 giant cockroaches (D:3)
  7 goblins
  9 hobgoblins
  4 jackals (D:2)
  20 kobolds
  5 quokkas
  3 frilled lizards
  8 rats
339 creatures vanquished.

Vanquished Creatures (collateral kills)
  A two-headed ogre (D:8)
1 creature vanquished.

Vanquished Creatures (others)
  A fungus (D:3)
  21 withered plants (D:6)
22 creatures vanquished.

Grand Total: 362 creatures vanquished

Notes
Turn   | Place    | Note
-------+----------+-------------------------------------------
     0 | D:1      | Gaplan the Minotaur Berserker began the quest for the Orb.
     0 | D:1      | Reached XP level 1. HP: 19/19 MP: 0/0
   138 | D:1      | Reached skill level 4 in Axes
   220 | D:1      | Reached XP level 2. HP: 19/26 MP: 1/1
   580 | D:1      | Reached skill level 5 in Axes
   590 | D:1      | Reached XP level 3. HP: 23/31 MP: 2/2
  1080 | D:2      | Identified the +5 dagger of War {vorpal, rC++ rCorr}
  1115 | D:2      | Reached ** piety under Trog
  1355 | D:2      | Found a faded altar of an unknown god.
  1886 | D:3      | Reached XP level 4. HP: 12/39 MP: 3/3
  1911 | D:3      | Reached skill level 6 in Axes
  2324 | D:3      | Reached XP level 5. HP: 45/45 MP: 4/4
  2428 | D:3      | Found a runed translucent door.
  2429 | D:3      | Noticed Crazy Yiuf
  2441 | D:3      | Killed Crazy Yiuf
  2442 | D:3      | Reached skill level 7 in Axes
  2967 | D:3      | Identified the +2 short sword of the Invaders {distort,
                  | Dex+5}
  3155 | D:4      | Noticed Menkaure
  3387 | D:4      | Killed Menkaure
  3388 | D:4      | Reached skill level 8 in Axes
  3388 | D:4      | Reached skill level 1 in Stealth
  3388 | D:4      | Reached XP level 6. HP: 51/51 MP: 5/5
  3531 | D:4      | Reached skill level 9 in Axes
  3715 | D:4      | Reached XP level 7. HP: 52/57 MP: 6/6
  4129 | D:4      | Reached skill level 10 in Axes
  4169 | D:4      | Reached *** piety under Trog
  4323 | D:5      | Entered Level 5 of the Dungeon
  4691 | D:5      | Reached skill level 11 in Axes
  5049 | D:5      | Reached XP level 8. HP: 63/64 MP: 7/7
  5557 | D:6      | Noticed Blork the orc
  5573 | D:6      | Reached skill level 12 in Axes
  5575 | D:6      | Killed Blork the orc
  5583 | D:6      | Identified the +5 scale mail of Vueklad {Rampage rF+ Int+4
                  | Dex+2}
  5809 | D:6      | Reached skill level 13 in Axes
  6020 | D:6      | Reached **** piety under Trog
  6036 | D:6      | Reached skill level 14 in Axes
  6036 | D:6      | Reached XP level 9. HP: 62/70 MP: 8/8
  6152 | D:6      | Found a staircase to the Ecumenical Temple.
  6165 | D:6      | Identified the +4 war axe of Kungifad {flame, rC+ rCorr
                  | Str+3 SInv}
  6203 | D:6      | Found a runed translucent door.
  6208 | D:6      | Noticed ciphuk's ghost (amateur TrMo)
  6274 | D:6      | Found the +4 dagger "Morg" {pain, Will+ Int+5}
  6622 | D:6      | Killed ciphuk's ghost
  6623 | D:6      | Reached skill level 15 in Axes
  6719 | Temple   | Entered the Ecumenical Temple
  6946 | D:7      | Reached skill level 16 in Axes
  7269 | D:7      | Reached XP level 10. HP: 72/77 MP: 9/9
  7308 | D:7      | Reached ***** piety under Trog
  7309 | D:7      | Reached skill level 17 in Axes
  7411 | D:7      | Noticed a seven-headed hydra
  7411 | D:7      | Identified the +7 falchion "Unoqoarch" {pain, rElec rF++
                  | rCorr Str-2}
  7424 | D:7      | Reached skill level 18 in Axes
  7428 | D:7      | Killed a three-headed hydra
  7599 | D:7      | Reached skill level 19 in Axes
  7956 | D:7      | Found a glowing silver altar of Zin.
  7961 | D:7      | Found a hazy altar of Hepliaklqana.
  7994 | D:7      | Found an opulent altar of Gozag.
  7995 | D:7      | Found an iron altar of Okawaru.
  8002 | D:7      | Reached XP level 11. HP: 82/82 MP: 10/10
  8405 | D:7      | Found a shimmering altar of Xom.
  8409 | D:7      | Found a radiant altar of Vehumet.
  8647 | D:7      | Found a basalt altar of Yredelemnul.
  8811 | D:8      | Noticed a two-headed ogre
  9019 | D:8      | Killed a two-headed ogre
  9276 | D:8      | Reached skill level 20 in Axes
  9331 | D:8      | Found a glowing golden altar of the Shining One.
 10363 | D:9      | Noticed Erica
 10390 | D:9      | Killed Erica
 10391 | D:9      | Reached skill level 5 in Fighting
 10914 | D:9      | Found Feluveuck's Armour Emporium.
 10914 | D:9      | Found a staircase to the Orcish Mines.
 10915 | D:9      | Found Aquqituwk's Weapon Emporium.
 10958 | D:9      | Bought a +2 pair of boots of rampaging for 301 gold pieces
 11064 | D:9      | Identified the +1 robe of Valiance {Will++ Str+3 Stlth+}
 11108 | D:9      | Found a hide-covered altar of Uskayaw.
 11108 | D:9      | Found a bloodstained altar of Trog.
 11114 | D:9      | Found a stormy altar of Qazlal.
 11125 | D:9      | Found a sparkling altar of Nemelex Xobeh.
 11126 | D:9      | Found a snail-covered altar of Cheibriados.
 11233 | D:9      | Noticed a two-headed ogre
 11240 | D:9      | Killed a two-headed ogre
 11770 | Orc:1    | Entered Level 1 of the Orcish Mines
 12356 | Orc:2    | Entered Level 2 of the Orcish Mines
 12461 | Orc:2    | Found a frozen archway.
 12525 | IceCv    | Entered an ice cave
 12528 | IceCv    | Reached skill level 10 in Fighting
 12718 | IceCv    | Received a gift from Trog
 12962 | Orc:2    | Found a staircase to the Elven Halls.
 13463 | Orc:2    | Noticed a two-headed ogre
 13463 | Orc:2    | Noticed a two-headed ogre
 13463 | Orc:2    | Noticed a two-headed ogre
 13463 | Orc:2    | Noticed a two-headed ogre
 13463 | Orc:2    | Noticed a two-headed ogre
 13463 | Orc:2    | Noticed a two-headed ogre
 13470 | Orc:2    | Noticed an ogre mage
 13471 | Orc:2    | Noticed an ogre mage
 13471 | Orc:2    | Noticed a two-headed ogre
 13471 | Orc:2    | Noticed a two-headed ogre
 13493 | Orc:2    | Killed a two-headed ogre
 13497 | Orc:2    | Killed a two-headed ogre
 13498 | Orc:2    | Reached XP level 12. HP: 110/110 MP: 11/11
 13499 | Orc:2    | Killed a two-headed ogre
 13504 | Orc:2    | Killed an ogre mage
 13511 | Orc:2    | Killed a two-headed ogre
 13513 | Orc:2    | Killed an ogre mage
 13526 | Orc:1    | Slain by a two-headed ogre

Illustrated notes

Levels and vault maps discovered:
D:1:      dpeg_arrival_rooms_with_view, layout_basic, st_stairs_3,
          item_on_display_b
D:2:      kennysheep_big_flooded_room, layout_loops_ring,
          shapermc_ecumenical_altar_mp_highgroup
D:3:      layout_rooms, minmay_quantized, uniq_crazy_yiuf_cottage
D:4:      layout_rooms, chequers_serial_rivers_micro_e, minmay_liquid_box,
          kennysheep_dice, uniq_menkaure
D:5:      layout_rooms, grunt_ministairs_6
D:6:      layout_cave_pools, minmay_temple_entry_waves, ebering_ghost_sewer_d,
          dilly_guarded_unrand_morg, uniq_blork_the_orc
D:7:      minmay_the_grid_octo_tiled_squarecenter
          [minmay_the_grid_octo_checkered, minmay_the_grid_octo_clover,
          minmay_the_grid_octo_shrine, minmay_the_grid_octo_toaster,
          minmay_the_grid_square_5x5_megaprize_open,
          minmay_the_grid_square_5x5_dogpile, minmay_the_grid_square_5x5_meh,
          minmay_the_grid_square_5x5_moneybag,
          minmay_the_grid_square_5x5_tetrominoes], layout_rooms,
          nicolae_overflow_hidden_temple, kennysheep_generic_room_8
D:8:      layout_layer_cave, mainiacjoe_overflow_paths, st_stairs_5,
          kennysheep_crisscross
D:9:      layout_cave_pods, chequers_temple_overflow_minitemple, orc_david_3,
          uniq_erica
Temple:   hellmonk_temple_flake
Orc:1:    layout_caves
Orc:2:    st_orc_ogre_mass, layout_diamond_mine, portal_ice_cave_entry_imps

Skill      XL: |  1  2  3  4  5  6  7  8  9 10 11 12 |
---------------+-------------------------------------+-----
Axes           | 4 5 6 8 9 11 14 16 19 20 | 20.1
Stealth        | 1 2 |  2.0
Fighting       | 11 13 | 13.0
Armour         | |  2.4
Dodging        | |  2.1

Action                   |  1- 3 |  4- 6 |  7- 9 | 10-12 || total
-------------------------+-------+-------+-------+-------++-------
Melee: Hand axe          |    96 |    98 |   226 |       ||   420
       Headbutt          |    11 |    17 |    65 |    60 ||   153
       Punch             |       |     1 |     5 |     2 ||     8
       War axe           |       |       |    87 |   338 ||   425
Invok: Berserk           |       |     4 |     1 |     5 ||    10
       Brothers in Arms  |       |       |       |     1 ||     1
  Use: Scroll            |     4 |       |       |     2 ||     6
       Potion            |     1 |       |       |     5 ||     6
Armor: Animal skin       |    34 |       |       |       ||    34
       Chain mail        |    13 |    47 |    56 |       ||   116
       Scale mail        |       |       |    59 |   106 ||   165
Dodge: Dodged            |    76 |    29 |   115 |   112 ||   332
